AoeStats
← Churrasko

Arabia

506739821Analyzed
1v1 RM · 18d ago on Sep 14, 2026· 49m 31s· 2 players
Game mode
Random Map
Map size
Tiny (2 player)
Population
200
Speed
Normal
Resources
Standard
Victory
Conquest
Starting age
Dark Age
Ending age
Imperial Age
RankedLock teamsTeams togetherTeam positionsShared explorationLock speedFull tech treeHidden civsTurbo modeCheats
Victory
Defeat
🇦🇷 Teutons · Argentina
842
+13
🇬🇧 Spanish · United Kingdom
784
-13
7reebe4rd
9:53 Feudal Age
8:11 Loom
8:18 Loom
10:35 Double-Bit Axe
12:55 Horse Collar
15:41 Wheelbarrow
21:13 Castle Age
19:29 Gold Mining
19:32 Stone Mining
22:08 Bow Saw
22:02 Heavy Plow
26:38 Scale Barding Armor
26:43 Forging
26:24 Fletching
26:35 Padded Archer Armor
26:52 Bloodlines
29:44 Imperial Age
28:42 Elite Skirmisher
33:57 Fervor
34:08 Sanctity
35:03 Hand Cart
35:40 Ballistics
37:29 Cavalier
38:10 Husbandry
38:35 Chain Barding Armor
38:33 Leather Archer Armor
40:35 Hoardings
46:13 Elite Conquistador
Churrasko
10:57 Feudal Age
11:32 Double-Bit Axe
22:12 Castle Age
21:16 Horse Collar
23:01 Gold Mining
23:04 Stone Mining
22:44 Pikeman
23:31 Heavy Plow
23:42 Bow Saw
23:04 Elite Skirmisher
24:13 Forging
25:22 Squires
30:07 Scale Barding Armor
31:45 Loom
32:54 Chain Barding Armor
36:51 Imperial Age
34:28 Fletching
36:53 Iron Casting
36:45 Ironclad
37:10 Ironclad
38:49 Plate Barding Armor
38:05 Cavalier
41:47 Conscription
41:13 Paladin
44:14 Blast Furnace
44:28 Wheelbarrow
44:51 Bloodlines
46:42 Bodkin Arrow
47:11 Scale Mail Armor
Connection lost

Rejoining the realm…

Still unreachable

The connection could not be restored.

Session expired

The server has moved on; the page needs a fresh start.